cohdb
Replays
Latest Replays
All Replays
Popular Replays
Top Player Replays
Match Explorer
How It Works
Community
CoH3 Stats
Reddit
Sign in to upload your games and track your stats! →
Sign in with Steam
Breakthrough vs Armored #2
Match 31146102
Overview
Messages
Build Orders
End
Construct Barracks
Selects Armored Battlegroup
Selects Veteran Crews
1⁄4-ton 4x4 Truck
Riflemen Squad
Riflemen Squad
Riflemen Squad
Infantry Support Center
Riflemen Squad
Construct Motor Pool
Selects M31 Recovery Vehicle
M8 Greyhound Armored Car
Construct Medical Station
Selects Strength in Steel
M1918 Browning Automatic Rifles
Engineer Squad
Selects M8 Scott SPG
M8 Scott SPG
M1 Anti-tank Gun Team
Selects M31 Recovery Vehicle
Grenade Package
M1 Anti-tank Gun Team
Construct Tank Depot
Selects War Machine
Selects UNKNOWN (2160077)
M4(105) Sherman Bulldozer
Riflemen Squad
M18 Hellcat Tank Destroyer
Survival Training
M1 Anti-tank Gun Team
M1 Mortar Team
mariopl97
FLOKL
0
0
Comments
sign in to comment!
No comments posted yet!